 Dungeon Crawl Stone Soup version 0.19-a0-664-g51fd293 (webtiles) character file.

4050 LORDOFBUTT the Cleaver (level 10, -1/129 HPs)
             Began as a Minotaur Fighter on June 16, 2016.
             Was an Initiate of Gozag.
             Killed by divine providence
             ... invoked by a meliai
              (11 damage)
             ... on level 7 of the Dungeon.
             The game lasted 00:10:25 (6456 turns).

LORDOFBUTT the Cleaver (Minotaur Fighter)           Turns: 6456, Time: 00:10:25

Health: -1/129     AC: 10    Str: 26    XL:     10   Next: 4%
Magic:  12/12      EV: 13    Int:  5    God:    Gozag
Gold:   699        SH: 17    Dex: 13    Spells: 0 memorised, 9 levels left

rFire  . . .     SeeInvis .     a - +0 war axe
rCold  + . .     Gourm    .     x - +1 ring mail {rC+}
rNeg   + . .     Faith    .     c - +0 shield
rPois  +         Spirit   .     (helmet restricted)
rElec  .         Dismiss  .     B - +1 cloak {rPois}
rCorr  .         Reflect  +     (no gloves)
SustAt .         Harm     .     (no boots)
MR     .....                    D - +5 amulet of reflection
Stlth  ..........               (no ring)
                                v - ring of positive energy

@: berserking, very quick, not resistant to hostile enchantments, extremely
unstealthy
A: retaliatory headbutt, horns 2
a: Potion Petition, Call Merchant, Bribe Branch, Renounce Religion


You were on level 7 of the Dungeon.
You worshipped Gozag.
Gozag was noncommittal.
You were not hungry.

You visited 1 branch of the dungeon, and saw 8 of its levels.

You collected 1139 gold pieces.
You spent 400 gold pieces at shops.
You paid 40 gold pieces to Gozag.

Inventory:

Hand Weapons
 a - a +0 war axe (weapon)
Armour
 c - a +0 shield (worn)
 x - a +1 ring mail of cold resistance (worn)
 B - a +1 cloak of poison resistance (worn)
Jewellery
 v - a ring of positive energy (left hand)
 D - a +5 amulet of reflection (around neck)
 I - a cursed amulet of the gourmand {unknown}
Wands
 d - a wand of enslavement (9/24)
Scrolls
 g - 2 scrolls of immolation {unknown}
 i - 4 scrolls of remove curse
 j - 2 scrolls of teleportation
 l - 3 scrolls of amnesia
 p - 4 scrolls of blinking {unknown}
 r - 3 scrolls of magic mapping {unknown}
 s - a scroll of recharging {unknown}
 t - 2 scrolls of enchant weapon {unknown}
 y - a scroll of fog {unknown}
 H - a scroll of enchant armour {unknown}
Potions
 b - a potion of lignification
 e - a potion of invisibility
 h - 2 potions of haste
 k - a potion of heal wounds {unknown}
 n - 2 potions of magic
 o - a potion of berserk rage
 q - 2 potions of agility
 w - a potion of brilliance
 z - a potion of cancellation {unknown}
 A - a potion of flight {unknown}
Books
 m - a book of Battle

   Spells                             Type                      Level
   a - Infusion                       Charms                       1
   b - Shroud of Golubria             Charms/Translocation         2
   c - Song of Slaying                Charms                       2
   d - Spectral Weapon                Hexes/Charms                 3
   e - Regeneration                   Charms/Necromancy            3
 C - a book of Enchantments

   Spells                             Type                      Level
   a - Cause Fear                     Hexes                        4
   b - Yara's Violent Unravelling     Hexes/Transmutation          5
   c - Silence                        Hexes/Air                    5
   d - Deflect Missiles               Charms/Air                   6
   e - Haste                          Charms                       6
   f - Discord                        Hexes                        8
Comestibles
 f - 7 bread rations
 u - 11 fruits
 E - 3 royal jellies
 F - 2 beef jerkies
 G - 6 slices of pizza


   Skills:
 + Level 7.6 Fighting
 + Level 8.5 Axes
 + Level 8.0 Armour
 + Level 5.7 Dodging
 + Level 0.8 Stealth
 + Level 8.0 Shields
 * Level 4.8 Evocations


You had 9 spell levels left.
You didn't know any spells.

Dungeon Overview and Level Annotations

Branches:
Dungeon (8/15)             Temple (0/1) D:6
   Lair: D:8-11

Altars:
Ashenzari
Dithmenos
Elyvilon
Gozag
Hepliaklqana
Kikubaaqudgha
Nemelex Xobeh
Sif Muna
Uskayaw
Vehumet
Xom
Yredelemnul

Shops:
D:4 %   D:6 [   D:7 (}%==


Innate Abilities, Weirdness & Mutations

You reflexively headbutt those who attack you in melee.
You have a pair of horns on your head.


Message History

The meliai mumbles some strange prayers to its god against you.
Something smites you!
* * * LOW HITPOINT WARNING * * *
You block the giant frog's attack.
The meliai hits you with a war axe of flaming.
* * * LOW HITPOINT WARNING * * *
The meliai burns you.
* * * LOW HITPOINT WARNING * * *
The meliai stings you.
* * * LOW HITPOINT WARNING * * *
You feel better. You block the giant frog's attack.
You block the meliai's attack. The meliai closely misses you.
The giant frog misses you.
Okay, then.
A red film seems to cover your vision as you go berserk!
You feel yourself moving faster!
You feel mighty!
The meliai invokes the aid of its god against you.
Something smites you!
You die...
Your body crumbles into a pile of gold.

#....### #.≈≈.≈≈# #.≈#'#≈##
#..+∩'..# #.≈#+#≈.# #####
#.≈≈.≈≈.#
#.#.#####.#..##.########## ##
#.....).#.#F$............#
.#####.#.###...y@.#.########.##
.......### ###.#$.#.# #.#
######.#######.#..#.# #.#
#.......#.#.##.### #.#
#.#####...#..._..# #.# ###
###.####.#.######.#
#...............#
#################


You could see a meliai and a giant frog.

Vanquished Creatures
  Prince Ribbit (D:7)
  Grinder (D:3)
  Sigmund (D:5)
  A yak (D:7)
  A human (D:7)
  A hog (D:7)
  A hippogriff (D:7)
  A hungry ghost (D:7)
  The ghost of idiolect the Gusty, an amateur HEAE (D:4)
  2 ice beasts (D:6)
  3 sky beasts
  2 orc warriors (D:7)
  A black bear (D:4)
  4 ogres
  A phantom (D:4)
  2 giant frogs (D:7)
  A scorpion (D:6)
  5 wights (D:7)
  A vampire bat (D:7)
  2 howler monkeys (D:6)
  3 crimson imps
  3 jellies
  2 hounds (D:5)
  A quasit (D:7)
  An orc priest (D:7)
  Crazy Yiuf (D:7)
  2 iguanas (D:5)
  3 orc wizards
  4 worker ants
  2 sheep (D:7)
  12 adders
  6 gnolls
  A shadow imp (D:6)
  An ooze (D:1)
  2 adder skeletons
  5 worms
  3 dart slugs (D:1)
  2 giant geckos
  19 orcs
  3 bat skeletons (D:7)
  2 bat zombies (D:7)
  6 giant cockroaches
  9 goblins
  8 hobgoblins
  4 kobolds
  A quokka (D:2)
  6 bats
  A giant gecko skeleton (D:6)
  A giant gecko zombie (D:6)
  7 giant newts
  10 rats
164 creatures vanquished.

Vanquished Creatures (others)
  2 centaurs (D:6)
2 creatures vanquished.

Grand Total: 166 creatures vanquished

Notes
Turn   | Place    | Note
--------------------------------------------------------------
     0 | D:1      | LORDOFBUTT the Minotaur Fighter began the quest for the Orb.
     0 | D:1      | Reached XP level 1. HP: 19/19 MP: 0/0
   153 | D:1      | Reached XP level 2. HP: 27/27 MP: 1/1
   568 | D:1      | Reached XP level 3. HP: 33/33 MP: 2/2
   702 | D:2      | Found a sparkling altar of Nemelex Xobeh.
   708 | D:2      | Found an opulent altar of Gozag.
  1430 | D:2      | Reached XP level 4. HP: 40/40 MP: 3/3
  1823 | D:2      | Reached skill level 1 in Dodging
  2095 | D:3      | Noticed Grinder
  2111 | D:3      | Killed Grinder
  2111 | D:3      | Reached skill level 5 in Armour
  2111 | D:3      | Reached skill level 5 in Shields
  2111 | D:3      | Reached XP level 5. HP: 8/47 MP: 4/4
  2111 | D:3      | Reached XP level 6. HP: 9/55 MP: 5/5
  2377 | D:2      | Became a worshipper of Gozag Ym Sagoz the Greedy
  2514 | D:3      | Found a basalt altar of Yredelemnul.
  2869 | D:3      | Found a shimmering altar of Xom.
  2870 | D:3      | Found a shattered altar of Ashenzari.
  3038 | D:4      | Reached skill level 5 in Fighting
  3161 | D:4      | Reached XP level 7. HP: 45/61 MP: 6/6
  3204 | D:4      | Noticed idiolect's ghost (amateur HEAE)
  3211 | D:4      | Killed idiolect's ghost
  3316 | D:4      | Found Adghyug's Food Emporium.
  3403 | D:4      | You fall through a shaft for 3 floors!
  3421 | D:7      | Reached skill level 1 in Evocations
  3436 | D:7      | Reached skill level 5 in Axes
  3457 | D:7      | Reached XP level 8. HP: 27/70 MP: 8/8
  3503 | D:7      | Found Raxtehed's Jewellery Boutique.
  3556 | D:7      | Found an ancient bone altar of Kikubaaqudgha.
  3617 | D:7      | Found Buem's Food Shop.
  3648 | D:7      | Noticed Prince Ribbit
  3661 | D:7      | Killed Prince Ribbit
  3705 | D:7      | Found a hazy altar of Hepliaklqana.
  3774 | D:7      | Noticed Crazy Yiuf
  3777 | D:7      | Killed Crazy Yiuf
  4165 | D:7      | Found a white marble altar of Elyvilon.
  4199 | D:7      | Found Refir's Jewellery Shop.
  4202 | D:7      | Bought a +5 amulet of reflection for 400 gold pieces
  4300 | D:7      | Found Oshreakh's Gadget Shoppe.
  4326 | D:7      | Reached XP level 9. HP: 78/78 MP: 10/10
  4342 | D:7      | Found Ywos's Antique Weapon Boutique.
  4474 | D:7      | Found a radiant altar of Vehumet.
  4474 | D:7      | Found a hide-covered altar of Uskayaw.
  4500 | D:6      | Reached skill level 5 in Dodging
  4562 | D:6      | Found a shattered altar of Ashenzari.
  4977 | D:6      | Found Kuwn's Armour Emporium.
  4982 | D:6      | Found a staircase to the Ecumenical Temple.
  5288 | D:5      | Entered Level 5 of the Dungeon
  5456 | D:5      | Noticed Sigmund
  5463 | D:5      | Killed Sigmund
  5648 | D:5      | Found a shadowy altar of Dithmenos.
  6194 | D:4      | Reached XP level 10. HP: 80/86 MP: 12/12
  6346 | D:4      | Found a deep blue altar of Sif Muna.
  6454 | D:7      | HP: 1/86 [meliai/war axe of flaming (6)]
  6456 | D:7      | Killed from afar by a meliai

Vault maps used:
D:1:      mainiacjoe_arrival_reflecting_pool
D:2:      grunt_gozag_statues, overflow_temple_1_default
D:3:      overflow_temple_1_default, gammafunk_temple_overflow_pools,
          uniq_grinder
D:4:      black_bear_nest_1, lemuel_blue_sif_altar, first_bread, serial_shops,
          nicolae_shop_trees
D:5:      nicolae_dithmenos_through_a_glass_darkly, kennysheep_generic_room_2,
          uniq_sigmund
D:6:      minmay_temple_entry_overgrown, serial_shops, shop, st_stairs_4,
          cheibrodos_ashenzari_chains
D:7:      nicolae_overflow_crystal_walls, lemuel_crystal_altar,
          gammafunk_temple_overflow_elements, kennysheep_vampire_church,
          serial_shops, kennysheep_little_box, shop, shop, shop_fountains,
          kennysheep_mini_moat, grunt_livestock, grunt_decor_fettered,
          uniq_crazy_yiuf_cottage, uniq_prince_ribbit1
D:8:      erik_lair_orcish_takeover

Skill      XL: |  1  2  3  4  5  6  7  8  9 |
---------------+----------------------------+-----
Armour         | 4 5 6 7 8 |  8.0
Shields        | 4 5 6 8 |  8.0
Fighting       | 4 5 6 7 |  7.6
Axes           | 3 4 5 6 8 |  8.5
Dodging        | 2 3 4 5 |  5.7
Evocations     | 1 3 4 |  4.8
Stealth        | |  0.8

Action                   |  1- 3 |  4- 6 |  7- 9 | 10-12 || total
-------------------------+-------+-------+-------+-------++-------
Melee: War axe           |    71 |    91 |   284 |     8 ||   454
       Headbutt          |    10 |    14 |    70 |     1 ||    95
Invok: Potion Petition   |       |       |     1 |       ||     1
  Use: Potion            |       |     1 |     1 |     2 ||     4
       Scroll            |       |     1 |     9 |       ||    10
  Eat: Bread ration      |     1 |       |     1 |       ||     2
       Beef jerky        |     1 |       |       |       ||     1
       Meat ration       |       |     1 |     1 |       ||     2
       Pizza             |       |       |     2 |       ||     2
Armor: Scale mail        |    32 |    19 |    11 |       ||    62
       Ring mail         |       |       |    51 |    10 ||    61
Dodge: Dodged            |    20 |    23 |    91 |     9 ||   143
Block: Shield            |    42 |    40 |   177 |    18 ||   277
       Reflection        |       |       |     9 |     1 ||    10
